 Dungeon Crawl Stone Soup version 0.29-a0-757-g358383bc75 (webtiles) character file.

Game seed: 2325059365919281476

193 DuloT34 the Trooper (level 5, -2/64 HPs)
             Began as a Barachi Arcane Marksman on June 30, 2022.
             Slain by an orc
             ... wielding a +0 flail
              (6 damage)
             ... on level 3 of the Dungeon.
             The game lasted 00:05:41 (3277 turns).

DuloT34 the Trooper (Barachi Arcane Marksman)       Turns: 3277, Time: 00:05:42

Health: -2/64      AC: 22    Str: 11    XL:     5   Next: 72%
Magic:  6/6        EV:  2    Int: 13    God:
Gold:   123        SH:  0    Dex: 15    Spells: 5/6 levels left

rFire   . . .      SeeInvis .   b - +0 flail (protect)
rCold   + . .      Faith    .   (no shield)
rNeg    . . .      Spirit   .   (body armour currently unavailable)
rPois   +          Reflect  .   (helmet currently unavailable)
rElec   .          Harm     .   (cloak currently unavailable)
rCorr   .          Rampage  .   (gloves currently unavailable)
Will    .....      NoTele   +   (boots currently unavailable)
Stlth   +.........              f - amulet of the acrobat
HPRegen 0.20/turn               n - ring of protection from cold
MPRegen 0.10/turn               (no ring)

@: mighty, tree-form, unable to hop, attractive
A: stationary, stasis, torment immunity, boosted hp, (amphibious), (slowness 1),
(strong legs 1), +LOS
a: no special abilities


You were on level 3 of the Dungeon.
You were a tree.
You visited 1 branch of the dungeon, and saw 4 of its levels.

You collected 123 gold pieces.

Inventory:

Hand Weapons
 a - a +0 sling
 b - a +0 flail of protection (weapon)
Armour
 c - a +0 robe (melded)
Jewellery
 f - an amulet of the acrobat (around neck)
 i - a ring of fire
 n - a ring of protection from cold (left branch)
 o - a ring of resist corrosion
Scrolls
 m - 3 scrolls of fear
 r - a scroll of identify {unknown}
 s - a scroll of vulnerability
 t - a scroll of teleportation
 u - a scroll of blinking {unknown}
 v - a scroll of amnesia {unknown}
Potions
 d - a potion of lignification
 e - a potion of flight {unknown}
 g - a potion of mutation {unknown}
 h - a potion of ambrosia {unknown}
 j - a potion of magic {unknown}
 k - a potion of heal wounds {unknown}
 l - a potion of attraction
 p - a potion of might
 q - a potion of resistance {unknown}


   Skills:
 + Level 4.6 Fighting
 + Level 4.2 Ranged Weapons
 - Level 2.1 Dodging
 - Level 1.1 Spellcasting
 - Level 3.2 Hexes


You had 5 spell levels left.
You knew the following spells:

 Your Spells              Type           Power      Damage    Failure   Level
a - Slow                  Hex            36%        N/A       8%          1

Your spell library contained the following spells:

 Spells                   Type           Power      Damage    Failure   Level
 Inner Flame              Hex/Fire       4%         N/A       38%         3
 Portal Projectile        Hex/Tloc       8%         N/A       38%         3
 Cause Fear               Hex            4%         N/A       58%         4


Dungeon Overview and Level Annotations

Branches:
Dungeon (4/15)
 Temple: D:4-7

Altars:
Gozag
Kikubaaqudgha

Annotations:
D:3 3 runed translucent doors, Sapher's ghost, weakling SpCj
D:4 Robin


Innate Abilities, Weirdness & Mutations

You are a tree.
Your roots penetrate the ground, keeping you stationary.
You cannot be teleported.
You are immune to unholy pain and torment.
Your maximum health is greatly increased.
Your equipment is partially melded.
((You are amphibious.))
((You cover ground slowly.))
((You can hop short distances.))
You have an extended range of vision and can be seen from far away.


Message History

The orc shouts!
You feel sick.
You hear a shout!
The goblin completely misses you. The orc misses you.
You feel sick.
You feel sick.
You feel sick. The goblin attacks as you move away!
The goblin completely misses you.
You feel sick. The goblin closely misses you.
The goblin attacks as you move away! The goblin misses you.
You feel sick.
You are no longer poisoned.
The goblin no longer looks unusually strong.
The goblin attacks as you move away! The goblin hits you but does no damage.
The orc attacks as you move away! The orc completely misses you.
There is a stone staircase leading up here.
The hobgoblin no longer looks unusually strong.
The goblin no longer looks unusually strong.
The goblin barely misses you. The orc closely misses you.
You climb upwards.
Level annotation: 3 runed translucent doors, Sapher's ghost, weakling SpCj
There is a stone staircase leading down here.
You are too injured to fight recklessly!
You are too injured to fight recklessly!
You hit the goblin.
Your weapon exudes an aura of protection.
The goblin is moderately wounded.
The orc barely misses you. The goblin hits you with a +0 club.
* * * LOW HITPOINT WARNING * * *
The goblin closely misses you. The orc hits you with a +0 flail.
* * * LOW HITPOINT WARNING * * *
It was a potion of lignification.
You turn into a tree.
Your +0 robe melds into your body.
Your roots penetrate the ground.
The goblin hits you but does no damage. The orc hits you but does no damage.
It was a potion of attraction.
You feel attractive to monsters. The orc hits you but does no damage.
The goblin hits you but does no damage.
It was a potion of might.
You feel very mighty all of a sudden. The orc hits you with a +0 flail.
You die...

##### ###...#### #≈≈≈≈≈≈≈≈#
###...#### #....# #######
#.##.# #.....#
###.##[########o###.#
.......÷........♣g..####
###.##...####.#.######.#
#.#...............##.#
#.###...........#....#
###)...).....##.###.##.##
........)#...........§§.######
####..........)...#....§.....#
#...#..........#.≈≈§§§≈≈..#
#...##..#.#....#...≈§≈≈≈≈.#


You could see an orc and a goblin.

Vanquished Creatures
  A necrophage (D:3)
  An orc priest (D:4)
  2 adders
  2 dart slugs (D:2)
  6 orcs
  4 ball pythons
  5 bats (D:1)
  7 endoplasms
  3 giant cockroaches
  10 goblins
  12 hobgoblins
  2 quokkas
  2 frilled lizards (D:1)
  7 kobolds
64 creatures vanquished.

Vanquished Creatures (others)
  7 toadstools (D:4)
7 creatures vanquished.

Grand Total: 71 creatures vanquished

Notes
Turn   | Place    | Note
-------+----------+-------------------------------------------
     0 | D:1      | DuloT34 the Barachi Arcane Marksman began the quest for the
                  | Orb.
     0 | D:1      | Reached XP level 1. HP: 15/15 MP: 2/2
   271 | D:1      | Reached XP level 2. HP: 22/22 MP: 3/3
   607 | D:1      | Reached XP level 3. HP: 28/28 MP: 4/4
  2246 | D:2      | Reached XP level 4. HP: 33/35 MP: 5/5
  2647 | D:3      | Found a runed translucent gate.
  2649 | D:3      | Found a runed translucent gate.
  2651 | D:3      | Found a runed translucent gate.
  2653 | D:3      | Found an opulent altar of Gozag.
  2653 | D:3      | Noticed an ogre
  2654 | D:3      | Noticed Sapher's ghost (weakling SpCj)
  2660 | D:3      | Found a faded altar of an unknown god.
  2809 | D:3      | Noticed a necrophage
  2828 | D:3      | Killed a necrophage
  2829 | D:3      | Reached XP level 5. HP: 32/42 MP: 6/6
  3009 | D:3      | Found an ancient bone altar of Kikubaaqudgha.
  3151 | D:4      | Noticed an ogre
  3254 | D:4      | Noticed Robin
  3274 | D:3      | HP: 2/43 [orc/+0 flail (4)]
  3277 | D:3      | Slain by an orc

Illustrated notes

Levels and vault maps discovered:
D:1:      dpeg_arrival_water_temple_mockup, layout_loops_cross
D:2:      layout_rooms
D:3:      layout_basic, mainiacjoe_overflow_catwalk, ebering_ghost_gozag,
          chequers_ecumenical_altar_simple_redux, chequers_serial_rivers_micro_a
D:4:      cheibrodos_fertilizer, layout_cave_pools,
          nicolae_elyvilon_peaceful_grove, kennysheep_generic_room_9, uniq_robin

Skill      XL: |  1  2  3  4  5 |
---------------+----------------+-----
Fighting       | 2 3 4 |  4.6
Ranged Weapons | 3 4 |  4.2
Dodging        | |  2.1
Spellcasting   | |  1.1
Hexes          | |  3.2

Action                   |  1- 3 |  4- 6 || total
-------------------------+-------+-------++-------
Melee: Flail             |       |    28 ||    28
 Fire: Sling             |   127 |    66 ||   193
 Cast: Slow              |     4 |     2 ||     6
 Abil: Hop               |     2 |     1 ||     3
  Use: Scroll            |     3 |       ||     3
       Potion            |       |     3 ||     3
Armor: Robe              |     4 |    22 ||    26
       Skin              |       |     4 ||     4
Dodge: Dodged            |    60 |    60 ||   120

Table legend: (Time is in decaauts)
 A = Elapsed time spent in this place.
 B = Non-inter-level travel time spent in this place.
 C = Inter-level travel time spent in this place.
 D = Time resting spent in this place.
 E = Time spent auto-exploring this place.
 F = Levels seen in this place.
 G = Mean time per level.
                   A        B        C        D        E       F      G
               +--------+--------+--------+--------+--------+-----+--------+
         Total |   3586 |   3464 |    122 |   1093 |   1876 |   4 |  896.5 |
       Dungeon |   3586 |   3464 |    122 |   1093 |   1876 |   4 |  896.5 |
               +--------+--------+--------+--------+--------+-----+--------+

Top non-repeatable levels by time:
     D:1: 1978 daAuts
     D:2: 812 daAuts
     D:3: 703 daAuts
     D:4: 91 daAuts
